 Dungeon Crawl Stone Soup version 0.32-a0-886-g41c5271027 (webtiles) character file.

Game seed: 14893520246680686456

44 Biggs the Shooter (level 3, -2/27 HPs)
             Began as a Coglin Hunter on Apr 2, 2024.
             Slain by a gnoll
             ... wielding a +0 halberd
              (6 damage)
             ... on level 2 of the Dungeon.
             The game lasted 00:01:09 (829 turns).

Biggs the Shooter (Coglin Hunter)                    Turns: 829, Time: 00:01:09

Health: -2/27      AC:  4    Str: 11    XL:     3   Next: 62%
Magic:  3/3        EV: 11    Int:  8    God:
Gold:   24         SH:  0    Dex: 19    Spells: 2/2 levels left

rFire   . . .        a - +2 sling {Aida}
rCold   . . .        h - +2 sling (flame) {Haoran}
rNeg    . . .        c - +0 leather armour
rPois   .            (no helmet)
rElec   .            (no cloak)
rCorr   .            (no gloves)
SInv    .            i - +0 pair of boots
Will    .....        (amulet unavailable)
Stlth   ++           (ring unavailable)
HPRegen 0.24/turn    (ring unavailable)
MPRegen 0.08/turn    (no gizmo)

%: no passive effects
@: revved
A: off-hand wielding, slow wielding, warmup strikes, no jewellery
a: Invent Gizmo


You were on level 2 of the Dungeon.
You visited 1 branch of the dungeon, and saw 2 of its levels.

You collected 24 gold pieces.

Inventory:

Hand Weapons
 a - a +2 sling (weapon) {Aida}
 d - a +0 sling {Rupprecht}
 h - a +2 sling of flaming (offhand) {Haoran}
Armour
 c - a +0 leather armour (worn)
 i - a +0 pair of boots (worn)
Scrolls
 b - a scroll of butterflies
 e - 2 scrolls of teleportation {unknown}
 j - 2 scrolls of identify {unknown}
Potions
 f - 2 potions of heal wounds {unknown}
 g - a potion of attraction {unknown}
 k - a potion of might {unknown}


   Skills:
 - Level 2.0 Fighting
 + Level 4.8 Ranged Weapons
 - Level 1.7 Dodging
 - Level 0.7 Stealth


You had 2 spell levels left.
You didn't know any spells.
Your spell library was empty.

Dungeon Overview and Level Annotations

Branches:
Dungeon (2/15)

Altars:


Innate Abilities, Weirdness & Mutations

You can wield a second weapon in your off-hand.
It takes a long time for you to wield or remove held weapons.
Your first few attacks do less damage.
You cannot equip rings or amulets.


Message History

The sling bullet barely misses the gnoll.
You shoot a sling bullet.
The sling bullet hits the gnoll but does no damage.
A gnoll comes into view. It is wielding a +0 club.
Unknown command.
Unknown command.
You shoot a sling bullet. The sling bullet hits the gnoll.
The gnoll is lightly wounded.
You shoot a sling bullet. The sling bullet hits the gnoll!
The sling bullet burns the gnoll.
You kill the gnoll!
The gnoll hits you from afar with a +0 halberd!
You shoot a sling bullet. The sling bullet hits the gnoll!
The gnoll is severely wounded.
You shoot a sling bullet. The sling bullet hits the gnoll.
The sling bullet burns the gnoll.
The gnoll is severely wounded.
The gnoll hits you from afar with a +0 halberd!
* * * LOW HITPOINT WARNING * * *
You are too injured to fight recklessly!
Unknown command.
You are too injured to fight recklessly!
Unknown command.
Unknown command.
You are too injured to fight recklessly!
Fire: a) +2 sling {Aida}
Press: ? - help, Q - select action Shift-Dir - straight line, f - gnoll, p - gnoll
Aim: a gnoll, wielding a +0 club (68% to hit)
You shoot a sling bullet.
The sling bullet barely misses the gnoll.
The sling bullet hits the gnoll.
The sling bullet burns the gnoll.
The gnoll is lightly wounded.
You shoot a sling bullet.
The sling bullet barely misses the gnoll.
The sling bullet hits the gnoll.
The gnoll is heavily wounded.
The gnoll hits you from afar with a +0 halberd.
* * * LOW HITPOINT WARNING * * *
The gnoll hits you from afar with a +0 halberd.
You die...

..# .. ...
..#). ... .(.
..#.. ...# #.#
#.#.. ..... ..#
#.#.# .=...##.#
#.#g#
........###.#g#
........#...#)#
.†.....<....@.#
........#.#####
............
......#.......
......).#.#####
........#.#
........#.#
..........#


You could see 2 gnolls.

Vanquished Creatures
  2 gnolls (D:2)
  An endoplasm (D:1)
  2 giant cockroaches
  3 goblins
  A hobgoblin (D:1)
  3 jackals (D:1)
  4 kobolds (D:1)
  A ball python (D:1)
  4 bats (D:1)
  3 rats (D:1)
24 creatures vanquished.

Notes
Turn   | Place    | Note
-------+----------+-------------------------------------------
     0 | D:1      | Biggs the Coglin Hunter began the quest for the Orb.
     0 | D:1      | Reached XP level 1. HP: 16/16 MP: 1/1
   154 | D:1      | Reached skill level 4 in Ranged Weapons
   154 | D:1      | Reached XP level 2. HP: 17/22 MP: 2/2
   817 | D:2      | Reached XP level 3. HP: 27/27 MP: 3/3
   829 | D:2      | Slain by a gnoll

Illustrated notes

Levels and vault maps discovered:
D:1:      psy_arrival_radial01, layout_basic, st_stairs_10,
          wad_floor_pattern_untrapped
D:2:      layout_loops_ring, basic_altar, supply_closet_lemuel, uniq_sigmund

Skill      XL: |  1 |
---------------+----+-----
Ranged Weapons | 4 |  4.8
Fighting       | |  2.0
Dodging        | |  1.7
Stealth        | |  0.7

Action                     || total
---------------------------++-------
   Fire: Sling             ||    94
 Armour: Leather armour    ||     9
  Dodge: Dodged            ||     4

Table legend: (Time is in decaauts)
 A = Elapsed time spent in this place.
 B = Non-inter-level travel time spent in this place.
 C = Inter-level travel time spent in this place.
 D = Time resting spent in this place.
 E = Time spent auto-exploring this place.
 F = Levels seen in this place.
 G = Mean time per level.
                   A        B        C        D        E       F      G
               +--------+--------+--------+--------+--------+-----+--------+
         Total |    839 |    794 |     45 |      0 |    675 |   2 |  419.5 |
       Dungeon |    839 |    794 |     45 |      0 |    675 |   2 |  419.5 |
               +--------+--------+--------+--------+--------+-----+--------+

Top non-repeatable levels by time:
     D:1: 820 daAuts
     D:2: 18 daAuts
